 Dungeon Crawl Stone Soup version 0.27.1 (webtiles) character file.

Game seed: 10445128945789188965

758 Renzlar the Shield-Bearer (level 7, -12/60 HPs)
             Began as a Gnoll Fighter on Aug 26, 2021.
             Mangled by a sun demon (14 damage)
             ... summoned by a kobold demonologist
             ... on level 5 of the Dungeon on Aug 27, 2021.
             The game lasted 00:14:29 (5071 turns).

Renzlar the Shield-Bearer (Gnoll Fighter)           Turns: 5071, Time: 00:14:30

Health: -12/60     AC: 10    Str: 17    XL:     7   Next: 80%
Magic:  10/11      EV:  6    Int:  7    God:
Gold:   149        SH: 11    Dex: 12    Spells: 11/11 levels left

rFire    . . .     SeeInvis .   q - +4 flail
rCold    . . .     Faith    .   r - +1 kite shield
rNeg     . . .     Spirit   .   j - +0 chain mail
rPois    .         Reflect  .   (no helmet)
rElec    .         Harm     .   (no cloak)
rCorr    .         Rampage  .   (no gloves)
Will     .....                  (no boots)
Stlth    ..........             (no amulet)
HPRegen  0.20/turn              (no ring)
MPRegen  0.12/turn              (no ring)

@: mighty
A: fangs 1, strong nose, distributed training
a: no special abilities


You were on level 5 of the Dungeon.
You visited 1 branch of the dungeon, and saw 5 of its levels.

You collected 149 gold pieces.

Inventory:

Hand Weapons
 a - a +0 war axe
 c - a +0 hunting sling
 o - a +3 short sword
 q - a +4 flail (weapon)
Missiles
 e - 163 stones (quivered)
 f - 43 poisoned darts
 h - 10 bolts
Armour
 j - a +0 chain mail (worn)
 r - a +1 kite shield (worn)
Jewellery
 k - a ring of flight
 n - a ring of magical power
Wands
 m - a wand of digging (6)
Scrolls
 g - 2 scrolls of teleportation
 u - a scroll of identify {unknown}
Potions
 b - 3 potions of curing
 i - 2 potions of degeneration {unknown}
 l - a potion of brilliance {unknown}
 p - a potion of magic {unknown}
 s - 2 potions of cancellation {unknown}
 t - a potion of resistance {unknown}


   Skills:
 + Level 7.1 Fighting
 + Level 2.7 Short Blades
 + Level 2.7 Long Blades
 + Level 5.3 Axes
 + Level 2.7 Maces & Flails
 + Level 2.7 Polearms
 + Level 2.7 Staves
 + Level 2.7 Slings
 + Level 2.7 Bows
 + Level 2.7 Crossbows
 + Level 2.7 Throwing
 + Level 7.1 Armour
 + Level 2.7 Dodging
 + Level 2.7 Stealth
 + Level 7.1 Shields
 + Level 2.7 Unarmed Combat
 + Level 2.7 Spellcasting
 + Level 2.2 Conjurations
 + Level 2.2 Hexes
 + Level 2.2 Summonings
 + Level 2.2 Necromancy
 + Level 2.2 Translocations
 + Level 2.2 Transmutations
 + Level 2.2 Fire Magic
 + Level 2.2 Ice Magic
 + Level 2.2 Air Magic
 + Level 2.2 Earth Magic
 + Level 2.2 Poison Magic
 + Level 3.0 Invocations
 + Level 2.7 Evocations


You had 11 spell levels left.
You didn't know any spells.
Your spell library contained the following spells:

 Spells                   Type           Power      Damage    Failure   Level
 Corona                   Hex            4%         N/A       99%         1
 Sandblast                Erth           8%         2d5       99%         1
 Ensorcelled Hibernation  Hex/Ice        8%         N/A       100%        2
 Passwall                 Tmut/Erth      3%         N/A       100%        2
 Tukima's Dance           Hex            4%         N/A       100%        3
 Lee's Rapid Deconstruct  Erth           2%         3d5*      100%        5


Dungeon Overview and Level Annotations

Branches:
Dungeon (5/15)
 Temple: D:4-7

Altars:
Fedhas

Shops:
D:2 *


Innate Abilities, Weirdness & Mutations

You have very sharp teeth.
Your uncanny sense of smell can sniff out nearby items.
Your experience applies equally to all skills.


Message History

You feel sick.
There is an open door here.
q - a +4 flail (weapon)
You feel sick.
You feel sick.
You feel sick.
You are no longer poisoned. 2 kobold demonologists come into view.
The kobold demonologist shouts!
The kobold demonologist miscasts a cantrip.
A kobold comes into view. It is wielding a +0 club.
The kobold demonologist gestures wildly while chanting.
Unknown command.
You feel very mighty all of a sudden.
The kobold shouts!
The kobold demonologist mumbles some strange words. x2
The kobold brigand hits you but does no damage.
You completely miss the kobold brigand. You bite the kobold brigand!
The kobold brigand is moderately wounded.
The kobold demonologist miscasts a cantrip.
The iron imp laughs crazily.
You block the kobold brigand's attack.
The iron imp shouts, "Despond, thou quaking hedge-born whip-jack!"
You closely miss the kobold brigand.
The kobold brigand is moderately wounded.
The kobold brigand hits you but does no damage.
The kobold brigand barely misses you.
You sock the kobold brigand!
The kobold brigand is severely wounded.
You block the kobold brigand's attack.
The kobold demonologist casts a spell.
You sock the kobold brigand!
You kill the kobold brigand!
The sun demon hits you!
You are engulfed in flames!!
Your Invocations skill increases to level 3!
Unknown command.
You closely miss the sun demon. The sun demon hits you!!
* * * LOW HITPOINT WARNING * * *
You are engulfed in flames!
You die...

#.........#
#....####.#
#....# #....#
#....# #....#
#....#
###'#####.#
#######@.......
#..K553.......#
....5K5K....#.##
##..#######.# ..
... ... # #.# .#
#


You could see a sun demon (summoned), 2 kobold demonologists, an iron imp
(summoned), a quasit (summoned), a white imp (summoned), an ufetubus (summoned)
and a kobold.

Vanquished Creatures
  An ogre (D:5)
  A kobold brigand (D:5)
  A water moccasin zombie (D:5)
  A gnoll shaman (D:3)
  A jelly (D:4)
  A centaur skeleton (D:2)
  An iguana (D:5)
  Natasha (thrice) (D:2)
  2 orc wizards
  A killer bee zombie (D:4)
  A hound skeleton (D:2)
  10 gnolls
  8 adders
  An adder zombie (D:5)
  3 worms
  4 dart slugs
  8 orcs
  6 ball pythons
  5 bats
  7 endoplasms
  2 giant cockroaches (D:2)
  7 goblins
  7 hobgoblins
  6 jackals
  6 kobolds
  5 quokkas
  2 frilled lizards
  6 rats
107 creatures vanquished.

Vanquished Creatures (others)
  20 plants (D:3)
20 creatures vanquished.

Grand Total: 127 creatures vanquished

Notes
Turn   | Place    | Note
-------+----------+-------------------------------------------
     0 | D:1      | Renzlar the Gnoll Fighter began the quest for the Orb.
     0 | D:1      | Reached XP level 1. HP: 23/23 MP: 1/1
   281 | D:1      | Reached XP level 2. HP: 29/29 MP: 2/2
   719 | D:2      | Noticed Natasha
   723 | D:2      | Noticed a crimson imp
   725 | D:2      | Noticed a crimson imp
   733 | D:2      | Killed Natasha
   734 | D:2      | Reached skill level 1 in Invocations
   734 | D:2      | Reached XP level 3. HP: 10/35 MP: 2/4
   976 | D:2      | Reached skill level 1 in Short Blades
   976 | D:2      | Reached skill level 1 in Long Blades
   976 | D:2      | Reached skill level 1 in Maces & Flails
   976 | D:2      | Reached skill level 1 in Polearms
   976 | D:2      | Reached skill level 1 in Staves
   976 | D:2      | Reached skill level 1 in Slings
   976 | D:2      | Reached skill level 1 in Bows
   976 | D:2      | Reached skill level 1 in Crossbows
   976 | D:2      | Reached skill level 1 in Throwing
   976 | D:2      | Reached skill level 1 in Dodging
   976 | D:2      | Reached skill level 1 in Stealth
   976 | D:2      | Reached skill level 1 in Unarmed Combat
   976 | D:2      | Reached skill level 1 in Spellcasting
   976 | D:2      | Reached skill level 1 in Evocations
  1249 | D:2      | Reached XP level 4. HP: 41/41 MP: 5/5
  1305 | D:2      | Noticed Natasha
  1315 | D:2      | Killed Natasha
  1316 | D:2      | Reached skill level 1 in Conjurations
  1316 | D:2      | Reached skill level 1 in Hexes
  1316 | D:2      | Reached skill level 1 in Summonings
  1316 | D:2      | Reached skill level 1 in Necromancy
  1316 | D:2      | Reached skill level 1 in Translocations
  1316 | D:2      | Reached skill level 1 in Transmutations
  1316 | D:2      | Reached skill level 1 in Fire Magic
  1316 | D:2      | Reached skill level 1 in Ice Magic
  1316 | D:2      | Reached skill level 1 in Air Magic
  1316 | D:2      | Reached skill level 1 in Earth Magic
  1316 | D:2      | Reached skill level 1 in Poison Magic
  1434 | D:2      | Reached XP level 5. HP: 47/47 MP: 6/6
  1449 | D:2      | Found a faded altar of an unknown god.
  1768 | D:2      | Found Oweminil's General Store.
  1914 | D:2      | Noticed Natasha
  1925 | D:2      | Killed Natasha
  2427 | D:3      | Reached XP level 6. HP: 32/53 MP: 8/8
  2641 | D:3      | Found a blossoming altar of Fedhas.
  3233 | D:4      | Reached skill level 5 in Axes
  3962 | D:3      | Reached XP level 7. HP: 43/59 MP: 10/10
  4678 | D:5      | Entered Level 5 of the Dungeon
  5065 | D:5      | Noticed a kobold demonologist
  5065 | D:5      | Noticed a kobold demonologist
  5067 | D:5      | Noticed a sun demon
  5071 | D:5      | HP: 2/60 [sun demon[a kobold demonologist] (24)]
  5071 | D:5      | Mangled by a sun demon

Illustrated notes

Levels and vault maps discovered:
D:1:      ebering_trefoil_twist, layout_basic
D:2:      layout_loops_corners, serial_shops, nicolae_shop_trees,
          chequers_ecumenical_altar_simple, hangedman_decor_points, uniq_natasha
D:3:      layout_basic, fedhas_altar_1, serial_bayou_lake_a
D:4:      layout_cave_pools, serial_bayou_pond_d, guppyfry_early_lair_pool
D:5:      layout_basic, minmay_temple_entry_enclosed_plants

Skill      XL: |  1  2  3  4  5  6  7 |
---------------+----------------------+-----
Invocations    | 1 2 3 |  3.0
Short Blades   | 1 2 |  2.7
Long Blades    | 1 2 |  2.7
Maces & Flails | 1 2 |  2.7
Polearms       | 1 2 |  2.7
Staves         | 1 2 |  2.7
Slings         | 1 2 |  2.7
Bows           | 1 2 |  2.7
Crossbows      | 1 2 |  2.7
Throwing       | 1 2 |  2.7
Dodging        | 1 2 |  2.7
Stealth        | 1 2 |  2.7
Unarmed Combat | 1 2 |  2.7
Spellcasting   | 1 2 |  2.7
Evocations     | 1 2 |  2.7
Conjurations   | 1 2 |  2.2
Hexes          | 1 2 |  2.2
Summonings     | 1 2 |  2.2
Necromancy     | 1 2 |  2.2
Translocations | 1 2 |  2.2
Transmutations | 1 2 |  2.2
Fire Magic     | 1 2 |  2.2
Ice Magic      | 1 2 |  2.2
Air Magic      | 1 2 |  2.2
Earth Magic    | 1 2 |  2.2
Poison Magic   | 1 2 |  2.2
Axes           | 5 |  5.3
Fighting       | 7 |  7.1
Armour         | 7 |  7.1
Shields        | 7 |  7.1

Action                   |  1- 3 |  4- 6 |  7- 9 || total
-------------------------+-------+-------+-------++-------
Melee: War axe           |    59 |   165 |     9 ||   233
       Bite              |     2 |    21 |     5 ||    28
       Short sword       |       |    20 |       ||    20
       Flail             |       |     8 |    38 ||    46
 Fire: Hunting sling     |       |    18 |    24 ||    42
Throw: Stone             |     1 |    25 |       ||    26
  Use: Scroll            |       |       |     3 ||     3
       Potion            |       |       |     1 ||     1
Armor: Scale mail        |    16 |     1 |       ||    17
       Chain mail        |       |   111 |    13 ||   124
Dodge: Dodged            |    16 |    53 |     9 ||    78
Block: Kite shield       |    25 |   139 |    31 ||   195
